AoeStats
← 騷護士

Pilgrims

509866538Analyzed
4v4 RM · 5d ago on Sep 28, 2026· 31m 47s· 8 players
Game mode
Random Map
Map size
Large (8 player)
Population
200
Speed
Normal
Resources
Standard
Victory
Conquest
Starting age
Dark Age
Ending age
Imperial Age
RankedLock teamsTeams togetherTeam positionsShared explorationLock speedFull tech treeHidden civsTurbo modeCheats
Victory
Defeat
🇩🇰 Byzantines · Denmark
1551
+12
🇺🇸 Dravidians · United States
1506
+14
🇦🇺 Koreans · Australia
1490
+15
🇨🇦 Portuguese · Canada
1436
+17
🇹🇼 Malay · Taiwan
1553
-18
🇩🇪 Mongols · Germany
1525
-17
🇨🇳 Huns · China
1396
-12
🇦🇺 Koreans · Australia
1382
-11
騷護士
4:09 Loom
10:51 Feudal Age
15:40 Castle Age
17:34 Thalassocracy
19:00 Fletching
28:11 Medium Warships
30:23 Double-Bit Axe
825889483
8:02 Loom
10:19 Feudal Age
14:22 Castle Age
13:29 Stone Mining
16:34 Scale Barding Armor
25:18 Chain Barding Armor
26:26 Forging
29:52 Fletching
NØRTHLANE
5:51 Loom
11:01 Feudal Age
13:25 Town Watch
13:49 Fletching
16:33 Castle Age
14:19 Double-Bit Axe
15:24 Horse Collar
15:36 Gold Mining
17:48 Bow Saw
19:13 Bodkin Arrow
19:31 Medium Warships
20:29 Wheelbarrow
20:51 Fishing Lines
27:00 Scale Barding Armor
28:57 Gold Shaft Mining
Bobo
7:52 Loom
10:04 Feudal Age
13:55 Castle Age
12:01 Double-Bit Axe
17:22 Fletching
21:24 Bodkin Arrow
24:46 Horse Collar
26:50 Wheelbarrow
26:29 Husbandry
27:54 Bloodlines
28:47 Padded Archer Armor
28:30 Light Cavalry
30:43 Scale Barding Armor
Lord Longshaft
7:31 Loom
12:02 Feudal Age
13:52 Loom
14:46 Double-Bit Axe
15:08 Gold Mining
17:48 Castle Age
16:00 Fletching
16:28 Stone Mining
18:44 Wheelbarrow
18:55 Bodkin Arrow
21:32 Stone Shaft Mining
22:20 Padded Archer Armor
21:46 Elite Skirmisher
26:58 Imperial Age
25:50 Ballistics
29:02 Chemistry
28:04 Bracer
29:11 Sanctity
29:43 Forging
30:45 Hand Cart
30:57 Block Printing
31:43 Gold Shaft Mining
31:49 Leather Archer Armor
31:18 Horse Collar
32:06 Fervor
brendansexson
5:56 Loom
13:13 Feudal Age
14:15 Town Watch
14:55 Fletching
18:14 Castle Age
16:08 Double-Bit Axe
17:50 Padded Archer Armor
17:38 Fishing Lines
18:54 Bodkin Arrow
20:37 Leather Archer Armor
20:41 Bow Saw
20:59 Thumb Ring
22:57 Ballistics
23:02 Thumb Ring
23:09 Thumb Ring
31:35 Husbandry
31:53 Gillnets
Retired SweatLord
5:52 Loom
9:35 Feudal Age
10:59 Double-Bit Axe
11:58 Town Watch
14:35 Castle Age
16:06 Bow Saw
17:18 Wheelbarrow
16:43 Fishing Lines
18:52 Fletching
19:58 Bodkin Arrow
23:47 Clinker Construction
25:10 Ballistics
30:40 Imperial Age
28:04 Treadmill Crane
28:47 Gold Mining
28:48 Stone Mining
28:48 Gold Mining
30:59 Careening
31:27 Bracer
32:32 Chemistry
32:11 Circumnavigation
Soma
5:12 Loom
10:33 Feudal Age
14:56 Castle Age
12:43 Double-Bit Axe
31:42 Wheelbarrow
31:35 Bow Saw
31:11 Horse Collar
Connection lost

Rejoining the realm…

Still unreachable

The connection could not be restored.

Session expired

The server has moved on; the page needs a fresh start.